 Dungeon Crawl Stone Soup version 0.28.0-45-g0d030f2227 (webtiles) character file.

Game seed: 12808096385244519534

37 joshe the Grave Robber (level 3, 0/19 HPs)
             Began as a Deep Elf Necromancer on Apr 25, 2022.
             Slain by a gnoll
             ... wielding a +0 whip
              (5 damage)
             ... on level 1 of the Dungeon.
             The game lasted 00:08:46 (2552 turns).

joshe the Grave Robber (Deep Elf Necromancer)       Turns: 2552, Time: 00:08:47

Health: 0/19       AC:  6    Str:  5    XL:     3   Next: 23%
Magic:  6/10       EV: 12    Int: 21    God:
Gold:   74         SH:  0    Dex: 15    Spells: 6/10 levels left

rFire   . . .      SeeInvis .   c - staff of earth
rCold   . . .      Faith    .   (no shield)
rNeg    . . .      Spirit   .   f - +3 leather armour
rPois   .          Reflect  .   (no helmet)
rElec   .          Harm     .   (no cloak)
rCorr   .          Rampage  .   (no gloves)
Will    .....                   (no boots)
Stlth   ++........              (no amulet)
HPRegen 0.06/turn               (no ring)
MPRegen 0.12/turn               (no ring)

@: no status effects
A: no striking features
a: no special abilities


You were on level 1 of the Dungeon.
You visited 1 branch of the dungeon, and saw 2 of its levels.

You collected 74 gold pieces.

Inventory:

Armour
 f - a +3 leather armour (worn)
Magical Staves
 c - a staff of earth (weapon)
Scrolls
 a - a scroll of enchant weapon {unknown}
 b - a scroll of fear {unknown}
 d - a scroll of immolation {unknown}
 e - a scroll of teleportation {unknown}
 g - a scroll of fog {unknown}
 h - a scroll of summoning {unknown}
Potions
 i - a potion of berserk rage {unknown}


   Skills:
 + Level 0.2 Armour
 - Level 3.0 Dodging
 - Level 3.0 Stealth
 - Level 4.0 Spellcasting
 + Level 5.1 Necromancy


You had 6 spell levels left.
You knew the following spells:

 Your Spells              Type           Power      Damage    Failure   Level
a - Pain                  Necr           100%       1d9       2%          1
b - Vampiric Draining     Necr           25%        2d7       8%          3

Your spell library contained the following spells:

 Spells                   Type           Power      Damage    Failure   Level
 Animate Skeleton         Necr           50%        N/A       2%          1
 Animate Dead             Necr           12%        N/A       24%         4
 Agony                    Necr           25%        N/A       56%         5


Dungeon Overview and Level Annotations

Branches:
Dungeon (2/15)

Altars:


Message History

The goblin writhes in agony.
You kill the goblin!
Found a stone staircase leading up.
Things that are here:
a +0 dagger; a goblin corpse You aren't carrying any pieces of jewellery.
Okay, then.
You aren't carrying any items that you can evoke.
Unknown command.
You see here 10 arrows.
You see here 10 arrows.
Found an escape hatch in the floor.
Found a falchion.
A gnoll comes into view. It is wielding a +0 whip.
A gnoll comes into view. It is wielding a +0 flail.
Found 9 gold pieces.
You can't see any susceptible monsters within range! (Use Z to cast anyway.)
You can't see any susceptible monsters within range! (Use Z to cast anyway.)
The gnoll shouts!
You hear an angry hiss.
A gnoll comes into view. It is wielding a +0 spear.
You see here 10 arrows.
There is a stone staircase leading up here.
The gnoll writhes in agony.
The gnoll hits you with a +0 whip.
You climb upwards.
There is a stone staircase leading down here.
The gnoll writhes in agony.
The gnoll hits you with a +0 whip.
The gnoll writhes in agony.
The gnoll hits you with a +0 whip.
Casting: Pain (safe; 2% risk of failure)
Confirm with . or Enter, or press ? or * to list all spells.
The spell is extremely dangerous to miscast (8% risk of failure)!
Continue anyway?
Okay, then.
Unknown command.
Casting: Vampiric Draining (extremely dangerous; 8% risk of failure)
Confirm with . or Enter, or press ? or * to list all spells.
Aiming: Pain (safe; 2% risk of failure)
Press: ? - help, Shift-Dir - straight line, f/p - gnoll
Aim: a gnoll, wielding a +0 whip (almost dead, chance to affect: 88%)
The gnoll barely resists.
The gnoll hits you with a +0 whip.
You die...

#.#.# #.# #.# ##.##
..#.## #.# #.###
### .....# #.#
#.#.## .....####.#
#..#.# ..........#
#.#.##
........#######.#.#
..................#
........########..#
##...#### #@.#
#...# #g.# ########
#...#
#..########......#
##.##
#...........####.#
#.# ##.##########
#.# #.# #.# #.# #.#
#.# #.# #.# #.# #.#
#.# #.# #.#


You could see a gnoll.

Vanquished Creatures
  3 dart slugs (D:1)
  2 ball pythons (D:1)
  4 endoplasms (D:1)
  6 goblins
  A hobgoblin (D:1)
  5 bats
  3 frilled lizards (D:1)
  4 rats
28 creatures vanquished.

Notes
Turn   | Place    | Note
-------+----------+-------------------------------------------
     0 | D:1      | joshe the Deep Elf Necromancer began the quest for the Orb.
     0 | D:1      | Reached XP level 1. HP: 10/10 MP: 6/6
   437 | D:1      | Reached skill level 5 in Necromancy
   437 | D:1      | Reached XP level 2. HP: 7/15 MP: 1/8
  1491 | D:1      | Reached XP level 3. HP: 17/19 MP: 5/10
  1534 | D:1      | Learned a level 3 spell: Vampiric Draining
  2552 | D:1      | Slain by a gnoll

Illustrated notes

Levels and vault maps discovered:
D:1:      elethiomel_arrival_fortress_basement, layout_loops_ring,
          chequers_serial_rivers_small_a
D:2:      layout_basic

Skill      XL: |  1  2 |
---------------+-------+-----
Necromancy     | 5 |  5.1
Stealth        | 3 |  3.0
Dodging        | 3 |  3.0
Spellcasting   | 4 |  4.0
Armour         | |  0.2

Action                   || total
-------------------------++-------
 Cast: Pain              ||    54
Armor: Leather armour    ||     1
Dodge: Dodged            ||     4
